 Dungeon Crawl Stone Soup version 0.29.1-13-g9f3cf754e1 (webtiles) character file.

Game seed: 6961019450614565727

149 retardedninja the Conjurer (level 5, -4/38 HPs)
             Began as a Draconian Conjurer on Jan 20, 2023.
             Slain by Grinder (8 damage)
             ... on level 3 of the Dungeon.
             The game lasted 00:05:53 (4811 turns).

retardedninja the Conjurer (Draconian Conjurer)     Turns: 4811, Time: 00:05:54

Health: -4/38      AC:  5    Str:  7 (10) XL:     5   Next: 9%
Magic:  5/9        EV: 12    Int: 19 (20) God:
Gold:   86         SH:  5    Dex:  7 (9)  Spells: 9/10 levels left

rFire   . . .      SeeInvis .   k - +0 quarterstaff
rCold   . . .      Faith    .   (shield currently unavailable)
rNeg    . . .      Spirit   .   (body armour unavailable)
rPois   .          Reflect  +   (helmet restricted)
rElec   .          Harm     .   (no cloak)
rCorr   +          Rampage  .   (no gloves)
Will    .....                   (no boots)
Stlth   ++........              e - amulet of reflection
HPRegen 0.12/turn               g - +4 ring of slaying
MPRegen 0.11/turn               j - ring of resist corrosion

@: no status effects
A: AC +5, unfitting armour, cold-blooded
a: no special abilities


You were on level 3 of the Dungeon.
You visited 1 branch of the dungeon, and saw 3 of its levels.

You collected 86 gold pieces.

Inventory:

Hand Weapons
 k - a +0 quarterstaff (weapon)
Jewellery
 e - an amulet of reflection (around neck)
 g - a +4 ring of slaying (left hand)
 i - a ring of flight
 j - a ring of resist corrosion (right hand)
Scrolls
 a - 3 scrolls of vulnerability {unknown}
 b - 2 scrolls of identify {unknown}
 c - a scroll of brand weapon {unknown}
 f - a scroll of immolation {unknown}


   Skills:
 + Level 2.8 Dodging
 + Level 3.0 Stealth
 + Level 3.0 Spellcasting
 + Level 4.7 Conjurations


You had 9 spell levels left.
You knew the following spells:

 Your Spells              Type           Power      Damage    Failure   Level
a - Magic Dart            Conj           80%        1d7       2%          1

Your spell library contained the following spells:

 Spells                   Type           Power      Damage    Failure   Level
 Searing Ray              Conj           40%        2d5       3%          2
 Sandblast                Erth           4%         2d4       16%         1
 Dazzling Flash           Conj/Hex       22%        N/A       17%         3
 Stone Arrow              Conj/Erth      22%        3d8       17%         3
 Passwall                 Tmut/Erth      1%         N/A       22%         2
 Fulminant Prism          Conj/Hex       5%         3d7       50%         4
 Iskenderun's Mystic Bla  Conj/Tloc      11%        2d4       50%         4
 Alistair's Intoxication  Tmut/Pois      1%         N/A       99%         5
 Borgnjor's Vile Clutch   Necr/Erth      1%         N/A       99%         5
 Eringya's Noxious Bog    Tmut/Pois      1%         N/A       100%        6


Dungeon Overview and Level Annotations

Branches:
Dungeon (3/15)

Altars:

Annotations:
D:2 1 runed translucent door, Crazy Yiuf
D:3 Grinder


Innate Abilities, Weirdness & Mutations

Your plain brown scales are hard. (AC +5)
You cannot fit into any form of body armour.
You are cold-blooded and may be slowed by cold attacks.


Message History

It was a potion of cancellation.
You feel magically purged. Grinder hits you.
You writhe in agony.
It was a potion of degeneration.
There was something very wrong with that liquid.
You feel weakened.
You feel dopey.
You feel clumsy.
Grinder blinks!
Grinder blinks!
Things that are here:
a +0 dagger; a goblin corpse Grinder blinks!
Grinder gestures at you.
You barely resist.
Grinder says, "Just stop there for a second..."
Grinder gestures at you. Pain shoots through your body!
You open the door.
A ball python comes into view.
Grinder blinks!
Grinder gestures at you.
You suddenly lose the ability to move!
Grinder hits you but does no damage. Grinder hits you.
You writhe in agony.
You can move again.
There is an open door, spattered with blood here.
You are too injured to fight recklessly!
Aiming: Magic Dart (safe; 2% risk of failure)
Press: ? - help, Q - select action Shift-Dir - straight line, f/p - Grinder
Aim: Grinder (lightly wounded, 100% to hit)
The magic dart hits Grinder.
Grinder is moderately wounded.
Grinder hits you!
* * * LOW HITPOINT WARNING * * *
You aren't carrying any potions.
Memorise Searing Ray, consuming 2 spell levels and leaving 7?
Grinder barely misses you.
You start memorising the spell.
You continue memorising.
Grinder barely misses you.
You continue memorising.
Grinder hits you!
Your memorisation is interrupted.
You die...

#### ### ...##### ###.# ........
...# ...##### ### #######.#####
...# #.. ............# ...##
#####.# #######.###.#
..........#.##### #.# #.#
...######.#.#...#######)###.###
...#....#...'...@.............#
...#.##.###.#..5#######)#...#.#
...#............#######.)...#.###
...#..................)...#.#....
...................##.#...#.#.###
.....#######..####.##.#...#.#....
.#.#.# #..# #.##.#...#ยง#.###
.#.#.# #..# #.##.#..........
...#.# #..# #.##.#..##.#.##.


You could see Grinder.

Vanquished Creatures
  An orc priest (D:3)
  5 adders (D:2)
  2 worms
  A dart slug (D:3)
  4 orcs
  5 endoplasms
  5 giant cockroaches
  7 goblins
  4 hobgoblins (D:2)
  3 jackals (D:1)
  2 kobolds (D:1)
  2 quokkas (D:2)
  5 ball pythons
  9 bats
  A frilled lizard (D:3)
  3 rats
59 creatures vanquished.

Notes
Turn   | Place    | Note
-------+----------+-------------------------------------------
     0 | D:1      | retardedninja the Draconian Conjurer began the quest for
                  | the Orb.
     0 | D:1      | Reached XP level 1. HP: 14/14 MP: 3/3
   654 | D:1      | Reached XP level 2. HP: 20/20 MP: 3/5
  2372 | D:2      | Found a runed translucent door.
  2373 | D:2      | Noticed Crazy Yiuf
  2435 | D:2      | Found a faded altar of an unknown god.
  2458 | D:2      | Reached XP level 3. HP: 20/26 MP: 1/6
  3237 | D:2      | Reached XP level 4. HP: 33/33 MP: 4/7
  4394 | D:3      | Reached XP level 5. HP: 15/38 MP: 0/9
  4770 | D:3      | Noticed Grinder
  4805 | D:3      | Paralysed by Grinder for 3 turns
  4811 | D:3      | Slain by Grinder

Illustrated notes

Levels and vault maps discovered:
D:1:      lightli_molten_gateway, layout_basic
D:2:      minmay_razor_zed, layout_basic, serial_rivers,
          chequers_serial_rivers_small_3, chequers_serial_rivers_micro_e,
          chequers_serial_rivers_micro_b, chequers_serial_rivers_micro_c,
          chequers_serial_rivers_micro_e, nicolae_ecumenical_snake_handling,
          kennysheep_generic_room_7, uniq_crazy_yiuf_cottage
D:3:      layout_basic, serial_shops, shop, amcnicky_mini_pool_small,
          chequers_hall_statues_wall_a, minmay_misc_feat_pillars, hex_medium,
          minmay_misc_feat_doors, grunt_ministairs_2, uniq_grinder,
          uniq_natasha, uniq_jessica

Skill      XL: |  1  2  3  4  5 |
---------------+----------------+-----
Stealth        | 2 3 |  3.0
Dodging        | 2 |  2.8
Spellcasting   | 3 |  3.0
Conjurations   | |  4.7

Action                   |  1- 3 |  4- 6 || total
-------------------------+-------+-------++-------
Melee: Unarmed           |    39 |       ||    39
       Tailslap          |     6 |     1 ||     7
       Club              |     5 |       ||     5
       Punch             |     1 |       ||     1
       Quarterstaff      |       |    12 ||    12
 Cast: Magic Dart        |    81 |    63 ||   144
  Use: Potion            |     1 |     4 ||     5
Armor: Skin              |    12 |     4 ||    16
Dodge: Dodged            |    40 |    19 ||    59
Block: Other             |    13 |     7 ||    20
       Reflection        |     1 |       ||     1
